 Dungeon Crawl Stone Soup version 0.30.0-29-ga12c61a403 (webtiles) character file.

Game seed: 15208473326291176959

28253 Nicoed the Transmogrifier (level 13, -1/140 (154) HPs)
             Began as an Octopode Transmuter on June 22, 2023.
             Was the Champion of Cheibriados.
             Slain by Saint Roka
             ... wielding a +6 dire flail of draining
              (4 damage)
             ... on level 2 of the Orcish Mines.
             The game lasted 00:31:51 (13393 turns).

Nicoed the Transmogrifier (Octopode Transmuter)    Turns: 13393, Time: 00:31:52

HP:   -1/140 (154)  AC: 20    Str: 28    XL:     13   Next: 37%
MP:   14/16         EV: 27    Int: 36    God:    Cheibriados [******]
Gold: 1426          SH:  0    Dex: 29    Spells: 8/16 levels left

rFire   x .          .
                       - Unarmed
rCold   + + +        (shield currently unavailable)
rNeg    + . .        (helmet currently unavailable)
rPois   +            B - amulet of regeneration
rElec   .            i - +4 ring of protection
rCorr   .            p - +5 ring of evasion
SInv    .            v - ring of positive energy
Will    ++...        Q - ring of willpower Stlth
                     h - ring of willpower
HPRegen 1.23/turn    J - +5 ring of evasion
MPRegen 0.15/turn    K - +4 ring of protection
                     O - +6 ring of intelligence

%: no passive effects
@: berserking (expiring), ice-form, wereblooded, drained, very slow
A: freezing attack, boosted hp, almost no armour, amphibious, 8 rings, large,
(camouflage 1), (gelatinous body 1), (nimble swimmer 1), (tentacles)
a: End Transformation, Renounce Religion, Bend Time, Temporal Distortion,
Slouch, Step From Time


You were on level 2 of the Orcish Mines.
You worshipped Cheibriados.
Cheibriados was exalted by your worship.
You were a creature of crystalline ice.
You visited 3 branches of the dungeon, and saw 15 of its levels.
You visited the Abyss 1 time.

You collected 2218 gold pieces.
You spent 792 gold pieces at shops.

Inventory:

Jewellery
 h - a ring of willpower (on tentacle)
 i - a +4 ring of protection (left front paw)
 p - a +5 ring of evasion (right front paw)
 t - a ring of fire
 v - a ring of positive energy (on tentacle)
 B - an amulet of regeneration (around neck)
 J - a +5 ring of evasion (on tentacle)
 K - a +4 ring of protection (on tentacle)
 O - a +6 ring of intelligence (on tentacle)
 Q - a ring of willpower (on tentacle)
 S - a +6 ring of intelligence
Wands
 r - a wand of paralysis (11)
 w - a wand of iceblast (27)
 y - a wand of digging (12)
 H - a wand of polymorph (8)
Scrolls
 d - 6 scrolls of vulnerability
 g - a scroll of magic mapping {unknown}
 j - a scroll of enchant weapon {unknown}
 l - 8 scrolls of teleportation
 m - a scroll of fog {unknown}
 n - 2 scrolls of enchant armour {unknown}
 q - 2 scrolls of amnesia
 s - 3 scrolls of poison
 x - a scroll of immolation
 D - 2 scrolls of noise
 F - a scroll of fear
 L - a scroll of torment
 M - 2 scrolls of identify
Potions
 a - a potion of lignification
 c - 5 potions of curing
 e - 3 potions of brilliance
 f - a potion of cancellation
 k - 2 potions of mutation
 o - 6 potions of degeneration
 u - 3 potions of attraction
 z - a potion of might
 A - 2 potions of flight {unknown}
 C - a potion of heal wounds
 E - 2 potions of haste
 G - 2 potions of ambrosia
 I - a potion of resistance
Miscellaneous
 N - a phial of floods


   Skills:
 + Level 7.1 Fighting
 + Level 7.4 Dodging
 * Level 13.8 Unarmed Combat
 - Level 2.0 Spellcasting
 + Level 14.6 Transmutations
 - Level 3.0 Ice Magic


You had 8 spell levels left.
You knew the following spells:

 Your Spells              Type           Power      Damage    Failure   Level
a - Passwall              Tmut/Erth      45%        N/A       1%          2
b - Ice Form              Ice/Tmut       61%        N/A       1%          4
c - Wereblood             Tmut           83%        N/A       1%          2

Your spell library contained the following spells:

 Spells                   Type           Power      Damage    Failure   Level
 Beastly Appendage        Tmut           100%       N/A       0%          1
 Spider Form              Tmut/Pois      54%        N/A       1%          3
 Kiss of Death            Conj/Necr      12%        2d6       5%          1
 Sandblast                Erth           6%         2d5       5%          1
 Summon Small Mammal      Summ           12%        N/A       5%          1
 Static Discharge         Conj/Air       6%         2-3/arc   8%          2
 Hailstorm                Conj/Ice       14%        3d5       9%          3
 Confusing Touch          Hex            3%         N/A       16%         3
 Dazzling Flash           Conj/Hex       6%         N/A       16%         3
 Stone Arrow              Conj/Erth      6%         3d7       16%         3
 Volatile Blastmotes      Fire/Tloc      6%         2d10      16%         3
 Airstrike                Air            1%         2d(1-17)  45%         4
 Dispel Undead            Necr           3%         3d7       45%         4
 Iskenderun's Mystic Bla  Conj/Tloc      3%         2d3       45%         4
 Summon Lightning Spire   Summ/Air       3%         N/A       45%         4
 Simulacrum               Ice/Necr       7%         N/A       99%         6
 Starburst                Conj/Fire      1%         6d3       100%        6


Dungeon Overview and Level Annotations

Branches:
Dungeon (12/15)            Temple (1/1) D:6            Lair (0/5) D:8
    Orc (2/2) D:12            Elf (0/3) Orc:2

Altars:
Ashenzari
Cheibriados
Dithmenos
Elyvilon
Fedhas
Gozag
Hepliaklqana
Kikubaaqudgha
Makhleb
Nemelex Xobeh
Okawaru
Qazlal
Ru
Sif Muna
Trog
Uskayaw
Vehumet
Wu Jian
Xom
Yredelemnul
Zin
The Shining One

Shops:
D:8 =?   D:9 *   D:10 *   Orc:2 !(

Annotations:
Orc:2 Saint Roka


Innate Abilities, Weirdness & Mutations

You are a creature of crystalline ice.
You have a powerful freezing melee attack.
Your maximum health is increased.
Your armour is entirely melded.
You are incapable of wielding weapons or throwing items.
You cannot wear most types of armour.
You are amphibious.
You can wear up to eight rings at the same time.
((Your skin changes colour to match your surroundings (Stealth+).))
((Your rubbery body absorbs attacks. (AC +1, EV +1)))
((You are camouflaged when in or above water. (Stealth+)))
((You have tentacles for arms and can constrict up to eight enemies at once.))


Message History

The orc goes into a battle-frenzy!
The warg bites you but does no damage.
The orc wizard casts a spell.
The orc wizard flickers and vanishes!
Deactivating autopickup; reactivate with Ctrl-A.
Saint Roka invokes the aid of Beogh against you.
Beogh smites you!
The orc shouts!
There is an open door, spattered with blood here.
You see here a +0 mace.
You hit Saint Roka. You freeze Saint Roka.
Saint Roka is severely wounded.
You hear a shout! x2
The warg completely misses you.
Unknown command.
You barely miss Saint Roka.
Saint Roka is severely wounded.
You howl as the wereblood boils in your veins!
The warg misses you.
An orc comes into view. It is wielding a +0 club.
Saint Roka hits you with a +6 dire flail of draining!!
You partially resist.
You feel drained.
You punch Saint Roka! You freeze Saint Roka.
Saint Roka is severely wounded.
The warg closely misses you. The orc warrior completely misses you.
An ogre comes into view. It is wielding a +0 giant club.
Saint Roka mumbles some strange prayers to Beogh against you.
Beogh smites you!
* * * LOW HITPOINT WARNING * * *
Unknown command.
You howl as the wereblood boils in your veins!
You hear a shout!
Saint Roka mumbles some strange prayers to Beogh against you.
Beogh smites you!
* * * LOW HITPOINT WARNING * * *
The warg completely misses you.
Saint Roka hits you with a +6 dire flail of draining!!
* * * LOW HITPOINT WARNING * * *
You partially resist.
You feel drained.
You die...

≈≈≈≈§§§≈....≈# #≈..#
##≈≈§####)..≈# ≈≈§O#
##≈###......≈# §§o.##
§≈≈#........≈# .....##
≈≈##..§≈≈§..§# ......#
≈≈#∩.#####..≈#####Oo.....
≈≈##..≈≈≈..§§§§§.#.....8.
#....)..§.§..oho....#
###.......§.8Y#...._#
###8§§≈≈....+..8###
#≈§§§§≈≈≈...##...≈
≈≈§≈§§≈≈≈≈≈§≈##≈≈≈#
#####≈≈≈≈≈##### ####
#######


You could see Saint Roka, a warg, an orc warrior (strong), 2 ogres and 2 orcs.

Vanquished Creatures
  A great orb of eyes (Abyss:1)
  An ogre mage (Orc:2)
  Erolcha (D:9)
  4 boulder beetles
  3 two-headed ogres
  Nergalle (Orc:2)
  3 skeletal warriors (D:11)
  2 orc knights (Orc:1)
  A harpy (Abyss:1)
  2 deep elf pyromancers
  A mana viper (Abyss:1)
  3 ugly things (D:12)
  2 orc sorcerers (Orc:2)
  An elephant (D:8)
  A worldbinder (Abyss:1)
  A smoke demon (Abyss:1)
  2 gargoyles
  An unseen horror (D:11)
  A kobold demonologist (D:11)
  4 trolls
  2 ancient zymes (Abyss:1)
  A hornet (D:9)
  3 large abominations (Abyss:1)
  3 shadows
  2 wyverns
  9 yaks
  A ynoxinul (Abyss:1)
  4 water elementals (D:12)
  A vampire (D:11)
  2 wraiths
  A basilisk (D:11)
  2 steam dragons (D:8)
  A chaos spawn (Abyss:1)
  2 vampire mosquitoes (D:10)
  A warg (Orc:2)
  An acid dragon (D:12)
  2 water moccasins
  4 hell hounds (Abyss:1)
  18 orc warriors
  5 ogres
  3 black bears
  3 ice beasts
  A sky beast (D:7)
  12 centaurs
  2 kobold brigands
  A bullfrog (D:8)
  3 gnoll sergeants
  2 small abominations (Abyss:1)
  A scorpion (D:5)
  3 wights (D:6)
  5 killer bees (D:7)
  A vampire bat (Abyss:1)
  2 howler monkeys
  3 electric eels (D:12)
  2 quasits (Abyss:1)
  4 hounds
  11 orc priests
  A jelly (D:8)
  2 gnoll boudas
  4 iguanas
  A sleepcap (D:5)
  29 orc wizards
  12 adders
  37 gnolls
  A shadow imp (D:6)
  2 white imps
  4 ufetubi
  4 worms
  3 dart slugs
  73 orcs
  9 endoplasms
  2 giant cockroaches
  4 goblins
  8 hobgoblins
  16 kobolds
  A quokka (D:2)
  5 ball pythons
  9 bats
  6 rats
393 creatures vanquished.

Vanquished Creatures (others)
  An orc wizard (Orc:2)
1 creature vanquished.

Grand Total: 394 creatures vanquished

Notes
Turn   | Place    | Note
-------+----------+-------------------------------------------
     0 | D:1      | Nicoed the Octopode Transmuter began the quest for the Orb.
     0 | D:1      | Reached XP level 1. HP: 13/13 MP: 3/3
   103 | D:1      | Reached XP level 2. HP: 10/18 MP: 3/5
   705 | D:2      | Reached skill level 3 in Transmutations
   705 | D:2      | Reached XP level 3. HP: 2/23 MP: 6/6
   991 | D:2      | Reached XP level 4. HP: 28/28 MP: 5/7
  1064 | D:2      | Learned a level 4 spell: Ice Form
  1542 | D:2      | Found an opulent altar of Gozag.
  1556 | D:2      | Reached skill level 4 in Transmutations
  1626 | D:2      | Reached skill level 1 in Ice Magic
  1762 | D:3      | Reached XP level 5. HP: 28/33 MP: 6/8
  1905 | D:3      | You fall into a shaft and drop 1 floor!
  2303 | D:3      | Reached XP level 6. HP: 29/38 MP: 9/9
  2640 | D:3      | Found a faded altar of an unknown god.
  3371 | D:4      | Reached skill level 5 in Transmutations
  3848 | D:4      | Noticed an ice beast
  4008 | D:4      | Killed an ice beast
  4009 | D:4      | Reached XP level 7. HP: 43/43 MP: 5/10
  4231 | D:5      | Entered Level 5 of the Dungeon
  4239 | D:5      | Paralysed by a gnoll for 4 turns
  4342 | D:5      | Reached skill level 5 in Unarmed Combat
  4342 | D:5      | Reached skill level 6 in Transmutations
  4412 | D:5      | Identified the +0 cloak of Negation {Str+2}
  4685 | D:5      | Reached XP level 8. HP: 48/48 MP: 6/11
  4710 | D:5      | Reached skill level 7 in Transmutations
  5578 | D:6      | Reached skill level 8 in Transmutations
  5709 | D:6      | Found a shimmering altar of Xom.
  5758 | D:6      | Found a staircase to the Ecumenical Temple.
  5835 | Temple   | Entered the Ecumenical Temple
  5842 | Temple   | Became a worshipper of Cheibriados the Contemplative
  6012 | D:6      | Reached XP level 9. HP: 53/53 MP: 12/12
  6020 | D:6      | Reached skill level 9 in Transmutations
  6234 | D:6      | Learned a level 2 spell: Passwall
  6237 | D:6      | Learned a level 2 spell: Wereblood
  6292 | D:7      | Reached * piety under Cheibriados
  6419 | D:7      | Identified a scroll of acquirement
  6420 | D:7      | Acquired 559 gold pieces
  6445 | D:7      | Reached skill level 10 in Transmutations
  6453 | D:7      | Found a radiant altar of Vehumet.
  6473 | D:7      | Found an ancient bone altar of Kikubaaqudgha.
  6483 | D:7      | Found a shimmering blue altar of Sif Muna.
  6491 | D:7      | Got Sif Muna's Compendium of Illusion
  6635 | D:7      | Noticed a deep elf pyromancer
  6644 | D:7      | Killed a deep elf pyromancer
  6746 | D:7      | Reached ** piety under Cheibriados
  6908 | D:8      | Reached skill level 11 in Transmutations
  6908 | D:8      | Reached XP level 10. HP: 58/58 MP: 13/13
  6916 | D:8      | Found a staircase to the Lair.
  6916 | D:8      | Noticed an elephant
  6929 | D:8      | Killed an elephant
  7121 | D:8      | Found Zueth's Magic Scroll Shoppe.
  7122 | D:8      | Noticed a boulder beetle
  7138 | D:8      | Killed a boulder beetle
  7139 | D:8      | Reached skill level 12 in Transmutations
  7170 | D:8      | Found Illammat's Jewellery Shop.
  7180 | D:8      | Bought a +5 ring of evasion for 396 gold pieces
  7181 | D:8      | Bought a +4 ring of protection for 396 gold pieces
  7188 | D:8      | Noticed a two-headed ogre
  7198 | D:8      | Killed a two-headed ogre
  7204 | D:8      | Reached *** piety under Cheibriados
  7239 | D:8      | Reached skill level 13 in Transmutations
  7289 | D:8      | Found a sacrificial altar of Ru.
  7290 | D:8      | Found a burning altar of Makhleb.
  7683 | D:9      | Reached XP level 11. HP: 63/63 MP: 14/14
  7847 | D:9      | Found a broken altar of Ashenzari.
  7862 | D:9      | Noticed Erolcha
  7869 | Abyss:1  | Cast into level 1 of the Abyss (Erolcha)
  7922 | Abyss:1  | Noticed a large abomination
  7941 | Abyss:1  | Reached skill level 10 in Unarmed Combat
  8026 | Abyss:1  | Reached **** piety under Cheibriados
  8459 | Abyss:1  | Noticed a large abomination
  8463 | Abyss:1  | Noticed a bone dragon
  8466 | Abyss:1  | Noticed a great orb of eyes
  8472 | Abyss:1  | Killed a great orb of eyes
  8548 | Abyss:1  | Noticed a mana viper
  8554 | Abyss:1  | Killed a mana viper
  8563 | Abyss:1  | Noticed a spatial maelstrom
  8664 | Abyss:1  | Noticed a worldbinder
  8677 | Abyss:1  | Killed a worldbinder
  8685 | Abyss:1  | Found a corrupted altar of Lugonu.
  8688 | Abyss:1  | Noticed a harpy
  8688 | Abyss:1  | Noticed a harpy
  8695 | Abyss:1  | Noticed a tentacled starspawn
  8698 | Abyss:1  | Killed a harpy
  8702 | D:9      | Escaped the Abyss
  8703 | D:9      | Killed Erolcha
  8851 | D:9      | Found Esisinan's Assorted Antiques.
  9154 | D:10     | Entered Level 10 of the Dungeon
  9420 | D:10     | Reached XP level 12. HP: 75/75 MP: 15/15
  9469 | D:10     | Found a blossoming altar of Fedhas.
  9490 | D:10     | Found a hazy altar of Hepliaklqana.
  9686 | D:10     | Reached ***** piety under Cheibriados
  9727 | D:10     | Reached skill level 5 in Dodging
 10008 | D:10     | Found Gozag's Platinum Reserve.
 10009 | D:10     | Found an opulent altar of Gozag.
 10236 | D:11     | Noticed a boulder beetle
 10244 | D:11     | Killed a boulder beetle
 10391 | D:11     | Reached skill level 5 in Fighting
 10632 | D:11     | Noticed a boulder beetle
 10643 | D:11     | Killed a boulder beetle
 10644 | D:11     | Reached skill level 14 in Transmutations
 10874 | D:12     | Noticed a boulder beetle
 10886 | D:12     | Killed a boulder beetle
 11023 | D:12     | Found a staircase to the Orcish Mines.
 12191 | Orc:1    | Entered Level 1 of the Orcish Mines
 12194 | Orc:1    | Noticed a two-headed ogre
 12210 | Orc:1    | Reached XP level 13. HP: 84/84 MP: 11/16
 12332 | Orc:1    | Reached ****** piety under Cheibriados
 12645 | Orc:2    | Entered Level 2 of the Orcish Mines
 12852 | Orc:2    | Found a staircase to the Elven Halls.
 13255 | Orc:2    | Found Plog's Antique Weapon Emporium.
 13317 | Orc:2    | Found Cytt's Distillery.
 13363 | Orc:2    | Found an ancient bone altar of Kikubaaqudgha.
 13364 | Orc:2    | Noticed Nergalle
 13373 | Orc:2    | Noticed Saint Roka
 13378 | Orc:2    | Killed Nergalle
 13393 | Orc:2    | HP: 3/144 [Saint Roka/+6 dire flail of draining (22)]
 13393 | Orc:2    | Slain by Saint Roka

Illustrated notes

Levels and vault maps discovered:
D:1:      lightli_arrival_maybe_door_vault, layout_rooms
D:2:      layout_loops_cross, basic_altar
D:3:      layout_basic, chequers_ecumenical_altar_island
D:4:      layout_basic, serial_curves, eino_curves_04, eino_curves_01
D:5:      layout_basic
D:6:      layout_loops_corners, mainiacjoe_overflow_cross_hatched,
          minmay_temple_entry_butterflies, centaur_isle
D:7:      layout_basic, grunt_temple_overflow_magic_moments
D:8:      layout_rooms, nicolae_overflow_squiral, david_lair_generic,
          serial_shops, shop, minmay_misc_feat_encased,
          minmay_shop_enchanted_jewellery
D:9:      layout_roguey, ashenzari_conservatory_becter, serial_shops, shop,
          uniq_erolcha
D:10:     layout_stronghold, nicolae_gozag_zags_fifth_avenue,
          mainiacjoe_overflow_large_starburst
D:11:     layout_rooms, chequers_hall_statues_wall_a
D:12:     layout_basic, hiddenorc1_lemuel
Temple:   nicolae_temple_ecumenical_triangle
Orc:1:    layout_diamond_mine
Orc:2:    kennysheep_orc_mage_school, layout_diamond_mine, uniq_saint_roka

Skill      XL: |  1  2  3  4  5  6  7  8  9 10 11 12 13 |
---------------+----------------------------------------+-----
Transmutations | 3 4 5 6 8 11 13 14 | 14.6
Ice Magic      | 1 2 3 |  3.0
Unarmed Combat | 4 5 6 8 9 11 13 | 13.8
Fighting       | 4 6 7 |  7.1
Dodging        | 4 6 7 |  7.4
Spellcasting   | |  2.0

Action                     |  1- 3 |  4- 6 |  7- 9 | 10-12 | 13-15 || total
---------------------------+-------+-------+-------+-------+-------++-------
  Melee: Unarmed           |    41 |   143 |   219 |   407 |   135 ||   945
         Kick              |    18 |    40 |    23 |       |       ||    81
         Tentacles         |    14 |    26 |    10 |       |       ||    50
         Constrict         |    14 |    34 |    12 |       |       ||    60
         Punch             |       |     5 |     2 |       |       ||     7
   Cast: Beastly Appendage |    19 |    41 |    14 |       |       ||    74
         Ice Form          |       |     1 |    15 |    43 |    10 ||    69
         Wereblood         |       |       |     3 |    35 |    10 ||    48
  Evoke: Wand              |       |       |    29 |    15 |       ||    44
    Use: Potion            |       |     2 |     1 |     5 |     1 ||     9
         Scroll            |       |       |    15 |     6 |       ||    21
   Stab: Sleeping          |     4 |     6 |       |     1 |       ||    11
         Paralysed         |       |       |     2 |    13 |       ||    15
 Armour: Skin              |     5 |    15 |    71 |   145 |    39 ||   275
  Dodge: Dodged            |    25 |    68 |   238 |   449 |   205 ||   985
